 Dungeon Crawl Stone Soup version 0.31-a0-1159-g800acc2fd1 (webtiles) character file.

Game seed: 14699896195409259006

205 Malachi the Ruffian (level 5, -11/39 HPs)
             Began as a Vampire Shapeshifter on Dec 8, 2023.
             Engulfed by a fire crab's flame (21 damage)
             ... created by the adversity of Qazlal
             ... in a sewer.
             The game lasted 00:02:43 (2145 turns).

Malachi the Ruffian (Vampire Shapeshifter)          Turns: 2145, Time: 00:02:44

Health: -11/39     AC:  7    Str: 15    XL:     5   Next: 53%
Magic:  5/5        EV: 11    Int: 13    God:
Gold:   71         SH:  0    Dex: 13    Spells: 4/4 levels left

rFire   . .          .
                       - Unarmed
rCold   x x .        (no shield)
rNeg    . . .        f - +0 swamp dragon scales
rPois   +            (helmet currently unavailable)
rElec   .            (cloak currently unavailable)
rCorr   .            (gloves currently unavailable)
SInv    +            (boots currently unavailable)
Will    .....        (no amulet)
Stlth   +            (no ring)
HPRegen 0.46/turn    (no ring)
MPRegen 0.09/turn

%: no passive effects
@: beast-form, healing quickly, very slow
A: beast (slay +2), alive, fangs 3, see invisible, vampiric 2, [cold
vulnerability 2]
a: Exsanguinate, Begin Untransformation


You were in a sewer.
You were a hulking beast.
You visited 1 branch of the dungeon, and saw 3 of its levels.
You also visited: Sewer.

You collected 71 gold pieces.

Inventory:

Missiles
 n - 10 poisoned darts
Armour
 f - +0 swamp dragon scales (worn)
Talismans
 c - a beast talisman
 d - a flux talisman
Scrolls
 a - a scroll of identify {unknown}
 b - a scroll of revelation {unknown}
 e - 3 scrolls of fog {unknown}
 j - a scroll of immolation {unknown}
 m - 3 scrolls of teleportation {unknown}
Potions
 g - a potion of curing {unknown}
 h - a potion of haste {unknown}
 i - a potion of cancellation {unknown}
 k - a potion of magic {unknown}
 l - a potion of enlightenment {unknown}


   Skills:
 + Level 2.5 Fighting
 + Level 3.6 Dodging
 + Level 4.5 Unarmed Combat
 + Level 4.2 Shapeshifting


You had 4 spell levels left.
You didn't know any spells.
Your spell library was empty.

Dungeon Overview and Level Annotations

Branches:
Dungeon (3/15)              Sewer (1/1)

Altars:
Ashenzari
Qazlal


Innate Abilities, Weirdness & Mutations

You are a hulking beast.
Your limbs bulge with bestial killing power. (Slay +2)
Your natural rate of healing is accelerated.
You have razor-sharp teeth.
You have supernaturally acute eyesight. (SInv)
You are afflicted with vampirism and can become a bat while bloodless.
[You are very vulnerable to cold. (rC--)]


Message History

A kobold is nearby!
A kobold is nearby!
You enter the shallow water.
Moving in this stuff is going to be slow.
The kobold barely misses you.
You barely miss the kobold. The kobold hits you with a +0 club.
Your unstable footing causes you to fumble your attack.
You punch the kobold!
You kill the kobold!
You hear a splash.
No target in view!
No target in view!
HP restored.
b - a scroll labelled NAREOT QUTUDUJAI You enter the shallow water.
Moving in this stuff is going to be slow.
You enter the shallow water.
Moving in this stuff is going to be slow.
You see here a river rat skeleton.
Qazlal causes a mighty clap of thunder!
Qazlal incites the elements against you!
A fire crab comes into view.
A fire crab is nearby!
A fire crab is nearby!
A fire crab is nearby!
You hit the fire crab.
The fire crab is lightly wounded.
Your unstable footing causes you to fumble your attack.
The fire crab breathes flames at you. The blast of flame engulfs you.
You hit the fire crab but do no damage.
The fire crab is lightly wounded.
You are engulfed in blazing flames.
The fire crab breathes flames at you. The blast of flame engulfs you!
* * * LOW HITPOINT WARNING * * *
Unknown command.
You are engulfed in blazing flames.
Ouch! That really hurt!
You die...

~ ##~..#
#~~~#
#~~.#
##~~)##
#~~~÷°#
#~###°#
#.# #t#
##~###○##
#~~~#h°°#
#)#~#°#°#
#~#~#~#~#
#~#~#~#~#
#.#.#.#.#
#########


You could see a fire crab.

Vanquished Creatures
  2 kobold brigands (Sewer)
  2 river rats
  A worm (Sewer)
  An orc (D:3)
  2 endoplasms (D:2)
  2 giant cockroaches
  4 goblins (D:1)
  5 hobgoblins (D:1)
  7 jackals
  2 ball pythons (D:1)
  11 bats
  4 frilled lizards
  7 kobolds
  6 rats
56 creatures vanquished.

Notes
Turn   | Place    | Note
-------+----------+-------------------------------------------
     0 | D:1      | Malachi the Vampire Shapeshifter began the quest for the
                  | Orb.
     0 | D:1      | Reached XP level 1. HP: 14/14 MP: 1/1
    24 | D:1      | Reached skill level 1 in Fighting
    63 | D:1      | You fall into a shaft and drop 1 floor!
   177 | D:1      | Reached XP level 2. HP: 21/21 MP: 2/2
   653 | D:1      | Gained mutation: You are afflicted with vampirism and can
                  | become a bat while bloodless. [Vampire growth]
   653 | D:1      | Reached XP level 3. HP: 26/26 MP: 3/3
   734 | D:1      | Found a faded altar of an unknown god.
   822 | D:1      | Prayed at the altar of an unknown god.
   822 | D:1      | Became a worshipper of Qazlal Stormbringer
   822 | D:1      | Reached * piety under Qazlal
  1056 | D:2      | Found a broken altar of Ashenzari.
  1638 | D:2      | Fell from the grace of Qazlal
  1699 | D:3      | Found a glowing drain.
  1734 | Sewer    | Entered a sewer
  1804 | Sewer    | Noticed a kobold brigand
  1819 | Sewer    | Reached XP level 4. HP: 30/33 MP: 4/4
  1857 | Sewer    | Killed a kobold brigand
  1919 | Sewer    | Noticed a kobold brigand
  1934 | Sewer    | Reached XP level 5. HP: 18/38 MP: 5/5
  2141 | Sewer    | Noticed a fire crab
  2145 | Sewer    | Engulfed by a fire crab's flame

Illustrated notes

Levels and vault maps discovered:
D:1:      minmay_arrival_glassed_features, layout_basic,
          hellmonk_ecumenical_altar_heavens_door, minmay_heptomino_l4
D:2:      layout_basic, basic_altar
D:3:      layout_loops_ring, mainiacjoe_overflow_tiny_flanked,
          nzn_wu_jian_council_hall, cheibrodos_sewer_entry_sluice,
          roderic_serpentine_path, corexii_leaking_fountain
Sewer:    sewer_co_tree

Skill      XL: |  1  2  3  4 |
---------------+-------------+-----
Fighting       | 1 2 |  2.5
Unarmed Combat | 4 |  4.5
Dodging        | 3 |  3.6
Shapeshifting  | 4 |  4.2

Action                     |  1- 3 |  4- 6 || total
---------------------------+-------+-------++-------
  Melee: Unarmed           |   130 |    63 ||   193
         Bite              |     8 |     7 ||    15
         Punch             |     6 |     3 ||     9
 Invoke: Renounce Religion |     1 |       ||     1
    Use: Potion            |       |     1 ||     1
 Armour: Animal skin       |    14 |       ||    14
         Swamp dragon scal |    67 |    20 ||    87
         Skin              |       |     7 ||     7
  Dodge: Dodged            |    85 |    17 ||   102

Table legend: (Time is in decaauts)
 A = Elapsed time spent in this place.
 B = Non-inter-level travel time spent in this place.
 C = Inter-level travel time spent in this place.
 D = Time resting spent in this place.
 E = Time spent auto-exploring this place.
 F = Levels seen in this place.
 G = Mean time per level.
                   A        B        C        D        E       F      G
               +--------+--------+--------+--------+--------+-----+--------+
         Total |   2178 |   2018 |    160 |    156 |   1484 |   4 |  544.5 |
       Dungeon |   1727 |   1567 |    160 |      0 |   1317 |   3 |  575.7 |
         Sewer |    450 |    450 |      0 |    156 |    167 |   1 |  450.0 |
               +--------+--------+--------+--------+--------+-----+--------+

Top non-repeatable levels by time:
     D:1: 954 daAuts
     D:2: 692 daAuts
   Sewer: 450 daAuts
     D:3: 81 daAuts
